 Dungeon Crawl Stone Soup version 0.23-a0-241-g3b46b07 (webtiles) character file.

5485 rjrrt the Cleaver (level 10, 0/93 HPs)
             Began as a Minotaur Berserker on Sept 26, 2018.
             Was a High Priest of Trog.
             Shot with an arrow by a centaur (7 damage)
             ... on level 9 of the Dungeon.
             The game lasted 00:15:06 (7203 turns).

rjrrt the Cleaver (Minotaur Berserker)              Turns: 7203, Time: 00:15:07

Health: 0/93       AC: 12    Str: 24    XL:     10   Next: 42%
Magic:  0/9        EV:  9    Int:  4    God:    Trog [*****.]
Gold:   367        SH:  0    Dex: 11    Spells: 9/9 levels left

rFire    . . .     SeeInvis .   a - +3 war axe (curse)
rCold    + . .     Gourm    .   (no shield)
rNeg     . . .     Faith    .   w - +0 chain mail
rPois    +         Spirit   +   e - +1 hat
rElec    .         Reflect  .   (no cloak)
rCorr    .         Harm     .   (no gloves)
MR       .....                  (no boots)
Stlth    ..........             u - amulet of guardian spirit
HPRegen  0.25/turn              q - ring of poison resistance
MPRegen  0.11/turn              l - ring of protection from cold

@: berserk cooldown, slowed, very slow
A: retaliatory headbutt, horns 2
a: Berserk, Trog's Hand, Brothers in Arms, Renounce Religion


You were on level 9 of the Dungeon.
You worshipped Trog.
Trog was extremely pleased with you.
You were hungry.

You visited 1 branch of the dungeon, and saw 9 of its levels.
You also visited: Ossuary.

You collected 367 gold pieces.

Inventory:

Hand Weapons
 a - a cursed +3 war axe (weapon)
 y - a +0 flail
 A - a +0 spear of venom
Missiles
 n - 81 bolts
 z - 4 javelins of returning (quivered)
Armour
 e - a +1 hat (worn)
 w - a +0 chain mail (worn)
Jewellery
 l - a ring of protection from cold (right hand)
 q - a ring of poison resistance (left hand)
 u - an amulet of guardian spirit (around neck)
Wands
 j - a wand of acid (12)
 v - a wand of digging (14)
 B - a wand of flame (35)
 C - a wand of random effects (26)
Scrolls
 d - 10 scrolls of remove curse
 g - 5 scrolls of blinking
 i - 3 scrolls of teleportation
 k - 4 scrolls of fear
Potions
 b - a potion of mutation
 f - 9 potions of lignification
 h - 3 potions of heal wounds
 m - 4 potions of ambrosia
 o - 3 potions of invisibility
 p - a potion of agility
 r - a potion of resistance
 s - 3 potions of curing
 t - a potion of flight
 x - a potion of might {unknown}
Comestibles
 c - 9 rations
 D - 13 chunks of flesh


   Skills:
 + Level 9.9 Fighting
 + Level 13.3 Axes
 + Level 9.6 Armour
 - Level 2.1 Dodging


You had 9 spell levels left.
You didn't know any spells.
Your spell library was empty.

Dungeon Overview and Level Annotations

Branches:
Dungeon (9/15)             Temple (0/1) D:4
   Lair: D:8-11         Orc: D:9-12

Altars:
Ashenzari
Cheibriados
Dithmenos
Elyvilon
Fedhas
Gozag
Kikubaaqudgha
Ru
Sif Muna
Uskayaw
Wu Jian
Xom
The Shining One

Shops:
D:6 [

Annotations:
D:8 1 runed door, crawlcharacter's ghost, novice MiBe


Innate Abilities, Weirdness & Mutations

You reflexively headbutt those who attack you in melee.
You have a pair of horns on your head.


Message History

A centaur comes into view.
The centaur shouts!
The centaur wields a shortbow.
The centaur shoots an arrow.
The arrow hits you.
* * * LOW HITPOINT WARNING * * *
The centaur shoots an arrow.
The arrow hits you.
* * * LOW HITPOINT WARNING * * *
Things that are here:
2 arrows; an adder skeleton The centaur shoots an arrow.
The arrow barely misses you.
There is a stone staircase leading down here.
You see here an arrow.
The centaur shoots an arrow.
The arrow completely misses you.
The centaur shoots an arrow.
The arrow hits you!
* * * LOW HITPOINT WARNING * * *
You see here 3 arrows.
The centaur shoots an arrow.
The arrow hits you but does no damage.
There is a stone staircase leading up here.
You see here an arrow.
The centaur shoots an arrow.
The arrow hits you!
You die...

.. .. .. .#...
##########.#....
....#.......##.# #.
.#............ #.
#.###.......# ##.
.......).(..# .
..###.###...@...# ..
##.....#...#(....# ..
.....(..(##>(...# ..
#.....#.(((....# ...
#.(#..###......#
...###((#..#÷c(.....#
..h..((()....##(....#
..##..###.#.###.....#
#>.).## #.#.# #..>..#


You could see a centaur.

Vanquished Creatures
  Harold (D:7)
  A two-headed ogre (D:8)
  A polar bear (D:9)
  A hungry ghost (D:8)
  An orc warrior (D:6)
  3 ice beasts
  2 sky beasts
  4 ogres
  A wolf (D:9)
  5 necrophages (D:8)
  2 phantoms
  A black bear (D:6)
  2 centaurs (D:9)
  A big kobold (D:7)
  A bullfrog (D:8)
  3 scorpions
  5 wights (D:8)
  10 howler monkeys
  2 centaur zombies
  2 bullfrog zombies
  2 orc priests
  4 hounds
  A gnoll shaman (D:4)
  2 bullfrog skeletons (D:5)
  2 centaur skeletons
  Terence (D:3)
  An orc wizard (D:7)
  5 worker ants
  2 iguanas
  A killer bee zombie (D:6)
  A hound zombie (D:7)
  3 mummies (Ossuary)
  A worker ant zombie (D:8)
  13 adders
  5 gnolls (D:4)
  3 shadow imps
  2 adder zombies
  2 adder skeletons
  A worm (D:3)
  An adder simulacrum (D:9)
  2 dart slugs (D:1)
  6 leopard geckos
  20 orcs
  6 ball pythons
  8 bats
  4 giant cockroaches
  A gnoll zombie (Ossuary)
  10 hobgoblins
  20 jackals
  2 quokkas
  6 frilled lizards
  5 goblins
  3 goblin zombies (Ossuary)
  2 hobgoblin zombies (Ossuary)
  12 kobolds
  A kobold zombie (Ossuary)
  A leopard gecko zombie (D:8)
  2 quokka skeletons
  A quokka zombie (D:6)
  7 rats
221 creatures vanquished.

Vanquished Creatures (others)
  A withered plant (D:8)
1 creature vanquished.

Grand Total: 222 creatures vanquished

Notes
Turn   | Place    | Note
-------+----------+-------------------------------------------
     0 | D:1      | rjrrt the Minotaur Berserker began the quest for the Orb.
     0 | D:1      | Reached XP level 1. HP: 19/19 MP: 0/0
    22 | D:1      | Reached skill level 4 in Axes
    28 | D:1      | Reached XP level 2. HP: 18/26 MP: 1/1
   233 | D:1      | Reached skill level 5 in Axes
   265 | D:1      | Reached XP level 3. HP: 31/31 MP: 2/2
   296 | D:1      | Found a glowing golden altar of the Shining One.
   300 | D:1      | Reached ** piety under Trog
   983 | D:2      | Found an ornate altar of the Wu Jian Council.
  1020 | D:2      | Found a hide-covered altar of Uskayaw.
  1058 | D:2      | Reached XP level 4. HP: 29/39 MP: 3/3
  1116 | D:2      | Reached skill level 6 in Axes
  1255 | D:2      | Found a deep blue altar of Sif Muna.
  1607 | D:3      | Found an ancient bone altar of Kikubaaqudgha.
  2023 | D:3      | Noticed Terence
  2032 | D:3      | Killed Terence
  2032 | D:3      | Reached skill level 7 in Axes
  2032 | D:3      | Reached XP level 5. HP: 45/45 MP: 4/4
  2150 | D:3      | Reached *** piety under Trog
  2944 | D:4      | Reached skill level 8 in Axes
  2977 | D:4      | Found a staircase to the Ecumenical Temple.
  2977 | D:4      | Noticed an ogre
  2985 | D:4      | Killed an ogre
  2985 | D:4      | Reached XP level 6. HP: 26/51 MP: 5/5
  3149 | D:4      | Found a shadowy altar of Dithmenos.
  3207 | D:4      | Reached skill level 9 in Axes
  3780 | D:4      | Reached XP level 7. HP: 55/57 MP: 6/6
  3861 | D:5      | Entered Level 5 of the Dungeon
  3873 | D:5      | Reached skill level 10 in Axes
  3976 | D:5      | Found a blossoming altar of Fedhas.
  4033 | D:5      | Identified a scroll of acquirement
  4057 | D:5      | Found a snail-covered altar of Cheibriados.
  4572 | D:6      | Found Taprab's Armour Emporium.
  4590 | D:6      | Reached **** piety under Trog
  4590 | D:6      | Reached XP level 8. HP: 56/67 MP: 4/7
  4626 | D:6      | Reached skill level 5 in Fighting
  4648 | D:6      | Found a white marble altar of Elyvilon.
  4833 | D:6      | Reached skill level 11 in Axes
  5043 | D:7      | Reached skill level 5 in Armour
  5128 | D:7      | Found a sacrificial altar of Ru.
  5500 | D:7      | Noticed Harold
  5513 | D:7      | Killed Harold
  5513 | D:7      | Reached XP level 9. HP: 33/79 MP: 2/8
  5741 | D:7      | Reached skill level 12 in Axes
  5757 | D:7      | Found a shattered altar of Ashenzari.
  6231 | D:8      | Noticed a two-headed ogre
  6240 | D:8      | Killed a two-headed ogre
  6247 | D:8      | Found an opulent altar of Gozag.
  6278 | D:8      | Reached ***** piety under Trog
  6278 | D:8      | Reached XP level 10. HP: 56/91 MP: 4/9
  6361 | D:8      | Found a runed door.
  6361 | D:8      | Found a shimmering altar of Xom.
  6361 | D:8      | Noticed crawlcharacter's ghost (novice MiBe)
  6361 | D:8      | Noticed a flail of chaos
  6477 | D:8      | Reached skill level 13 in Axes
  6496 | D:8      | Found a sand-covered staircase.
  6501 | Ossuary  | Entered an ossuary
  7203 | D:9      | Shot with an arrow by a centaur

Vault maps used:
D:1:      erik_arrival_cave_to_civilisation, minmay_misc_feat_hallway,
          tso_metal_star
D:2:      overflow_temple_1_default, overflow_temple_1_default,
          eat_drink_and_be_merry_uskayaw
D:3:      kiku_gazebo_pond_becter, serial_bayou_pond_a, uniq_terence
D:4:      nicolae_overflow_crystal_walls, minmay_temple_entry_statues,
          first_ration, grunt_decor_one_mirror
D:5:      overflow_temple_1_default, marbit_many_paths, serial_park_tiny_2
D:6:      lemuel_coloured_pillars_altar, serial_shops, shop
D:7:      lemuel_doored_altar, basic_altar, uniq_harold
D:8:      lemuel_round_altar, serial_undead, serial_undead_e, serial_undead_f,
          serial_undead_d, serial_undead_c, ebering_ghost_xom, enter_ossuary_5
D:9:      nemelex_xobeh_ov_fountains_minmay, ebering_ghost_xom, serial_ice,
          serial_ice_n, serial_ice_f, serial_ice_m, serial_ice_b,
          kennysheep_generic_room_16
Ossuary:  ossuary_crypta

Skill      XL: |  1  2  3  4  5  6  7  8  9 10 |
---------------+-------------------------------+-----
Axes           | 4 5 7 8 9 10 11 12 13 | 13.3
Fighting       | 4 7 9 |  9.9
Armour         | 4 6 8 9 |  9.6
Dodging        | |  2.1

Action                   |  1- 3 |  4- 6 |  7- 9 | 10-12 || total
-------------------------+-------+-------+-------+-------++-------
Melee: Hand axe          |    91 |    95 |       |       ||   186
       Headbutt          |     8 |    29 |    39 |    28 ||   104
       War axe           |       |    46 |   223 |   110 ||   379
Throw: Javelin           |       |     3 |       |     2 ||     5
Invok: Berserk           |       |     1 |     2 |     1 ||     4
       Trog's Hand       |       |     1 |     1 |       ||     2
  Use: Scroll            |       |       |    20 |     4 ||    24
       Potion            |       |       |     4 |       ||     4
 Stab: Distracted        |     1 |       |       |       ||     1
  Eat: Chunk             |     1 |     9 |     9 |     3 ||    22
       Ration            |       |       |     1 |       ||     1
Armor: Animal skin       |     3 |       |       |       ||     3
       Ring mail         |    24 |    13 |       |       ||    37
       Chain mail        |       |    40 |   121 |    58 ||   219
Dodge: Dodged            |    66 |    55 |    83 |    46 ||   250

Table legend:
 A = Non-vault XP
 B = Vault XP
 C = Vault XP percentage of total XP
 D = Non-vault monster count
 E = Vault monster count
 F = Vault count percentage of total count
                 A         B        C        D         E       F
            +---------+---------+-------+---------+---------+-------
      Total |    5380 |    2456 |  31.3 |     190 |      31 |  14.0
            +---------+---------+-------+---------+---------+-------
        D:1 |      62 |       3 |   4.6 |      34 |       2 |   5.6
        D:2 |      79 |       0 |   0.0 |      23 |       0 |   0.0
        D:3 |      94 |      36 |  27.7 |      23 |       1 |   4.2
        D:4 |     489 |       0 |   0.0 |      19 |       0 |   0.0
        D:5 |     361 |       0 |   0.0 |      15 |       0 |   0.0
        D:6 |     843 |       0 |   0.0 |      18 |       0 |   0.0
        D:7 |     759 |     981 |  56.4 |      29 |       1 |   3.3
        D:8 |    2083 |     913 |  30.5 |      22 |      13 |  37.1
        D:9 |     610 |     414 |  40.4 |       7 |       3 |  30.0
    Ossuary |       0 |     109 | 100.0 |       0 |      11 | 100.0
            +---------+---------+-------+---------+---------+-------
